 Dungeon Sprint DCSS version 0.19.5 (webtiles) character file.

40 potatolord6000 the Firebug (level 3, -19/22 HPs)
             Began as a High Elf Fire Elementalist on Sept 7, 2017.
             Was a Follower of Vehumet.
             Killed from afar by a ball python (38 damage)
             ... with an exploding inner flame
             ... hexed by the player character
             ... in the Dungeon (Sprint VII: "The Pits").
             The game lasted 00:05:02 (231 turns).

potatolord6000 the Firebug (HEFE)                    Turns: 231, Time: 00:05:02

Health: -19/22     AC:  2    Str:  7    XL:     3   Next: 30%
Magic:  7/9        EV: 13    Int: 19    God:    Vehumet [*.....]
Gold:   0          SH:  0    Dex: 16    Spells: 4 memorised, 1 level left

rFire  . . .     SeeInvis .     k - staff of energy
rCold  . . .     Gourm    .     a - +0 robe
rNeg   . . .     Faith    .     (no shield)
rPois  .         Spirit   .     (no helmet)
rElec  .         Reflect  .     (no cloak)
rCorr  .         Harm     .     (no gloves)
MR     .....     NoTele   +     (no boots)
Stlth  ++........               (no amulet)
                                (no ring)
                                (no ring)

@: no status effects
A: no striking features
a: Renounce Religion


You were in the Dungeon.
You worshipped Vehumet.
Vehumet was aware of your devotion.
You were not hungry.

You visited 1 branch

Inventory:

Armour
 a - a +0 robe (worn)
Magical Staves
 k - an uncursed staff of energy (weapon)
Scrolls
 i - a scroll of blinking
 l - 2 scrolls of remove curse
 m - 5 scrolls of amnesia
 n - a scroll of summoning
Potions
 d - a potion of curing
 e - a potion of heal wounds
 f - a potion of haste
 g - 3 potions of magic
 h - 3 potions of berserk rage
 j - 2 potions of invisibility
Books
 b - a book of Flames

   Spells                             Type                      Level
   a - Flame Tongue                   Conjuration/Fire             1
   b - Throw Flame                    Conjuration/Fire             2
   c - Conjure Flame                  Conjuration/Fire             3
   d - Inner Flame                    Hexes/Fire                   3
   e - Sticky Flame                   Conjuration/Fire             4
   f - Fireball                       Conjuration/Fire             5
Comestibles
 c - 8 bread rations
 o - 40 fruits
 p - 7 meat rations


   Skills:
 - Level 0.4 Fighting
 - Level 1.0 Staves
 - Level 2.8 Dodging
 - Level 2.1 Stealth
 + Level 4.0 Spellcasting
 + Level 3.4 Conjurations
 + Level 4.3 Fire Magic
 + Level 2.6 Evocations


You had one spell level left.
You knew the following spells:

 Your Spells              Type           Power        Failure   Level  Hunger
a - Flame Tongue          Conj/Fire      ###..        3%          1    None
b - Conjure Flame         Conj/Fire      ###.....     12%         3    None
c - Inner Flame           Hex/Fire       ##......     17%         3    None
d - Throw Flame           Conj/Fire      ###...       6%          2    None


Dungeon Overview and Level Annotations

Branches:
Dungeon (1/1)

Altars:
Cheibriados
Dithmenos
Elyvilon
Fedhas
Gozag
Hepliaklqana
Kikubaaqudgha
Nemelex Xobeh
Okawaru
Qazlal
Ru
Sif Muna
Trog
Uskayaw
Vehumet
Zin
The Shining One
Jiyva


Message History

Press: ? - help, Shift-Dir - straight line, f/p - orc
Aim: an orc, wielding a short sword (severely wounded, inner flame, chance to defeat MR: 79%)
The ball python is filled with an inner flame.
The ball python bites you but does no damage.
The ball python closely misses you.
Casting: Inner Flame
Confirm with . or Enter, or press ? or * to list all spells.
Okay, then.
Magic courses through your body. The ball python bites you.
The ball python grabs you. The ball python constricts you.
Casting: Inner Flame
Confirm with . or Enter, or press ? or * to list all spells.
Aiming: Throw Flame
Press: ? - help, Shift-Dir - straight line, f/p - orc
Aim: an orc, wielding a short sword (severely wounded, inner flame)
The puff of flame hits the ball python.
The ball python explodes!
The fiery explosion engulfs you!
Ouch! That really hurt!
You die...

________# ________#
__#####'###########++
######)))#.##...........
#.?(.')))'.##......#..#.
##########.##...........
#...........†...........
#+#####+#####......#..#.
#..@§o##...........
#####g#####+#####++
#.....##.......#
#.....##.......#
###S####.......#


og. #...<...# ..... #.......# .o....##.......# #########.......# You could see
an orc (inner flame) and a hobgoblin.

Vanquished Creatures
  A worker ant (D)
  An adder (D)
  An ooze (D)
  A bat (D)
  A bat zombie (D)
  A kobold (D)
6 creatures vanquished.

Notes
Turn   | Place    | Note
-------+----------+-------------------------------------------
     0 | D        | potatolord6000 the High Elf Fire Elementalist began the quest for the Orb.
     0 | D        | Reached XP level 1. HP: 11/11 MP: 4/4
    56 | D        | Found a radiant altar of Vehumet.
    56 | D        | Found a hide-covered altar of Uskayaw.
    56 | D        | Found an ancient bone altar of Kikubaaqudgha.
    56 | D        | Found a viscous altar of Jiyva.
    56 | D        | Found a hazy altar of Hepliaklqana.
    57 | D        | Found a bloodstained altar of Trog.
    57 | D        | Found a deep blue altar of Sif Muna.
    57 | D        | Found a sacrificial altar of Ru.
    57 | D        | Found a stormy altar of Qazlal.
    57 | D        | Found an iron altar of Okawaru.
    57 | D        | Found a sparkling altar of Nemelex Xobeh.
    57 | D        | Found an opulent altar of Gozag.
    57 | D        | Found a blossoming altar of Fedhas.
    57 | D        | Found a white marble altar of Elyvilon.
    57 | D        | Found a shadowy altar of Dithmenos.
    57 | D        | Found a snail-covered altar of Cheibriados.
    58 | D        | Found a glowing golden altar of the Shining One.
    58 | D        | Found a glowing silver altar of Zin.
    59 | D        | Became a worshipper of Vehumet
    71 | D        | Reached skill level 1 in Evocations
    75 | D        | Reached skill level 1 in Staves
   127 | D        | Noticed a worker ant
   130 | D        | Killed a worker ant
   130 | D        | Reached * piety under Vehumet
   130 | D        | Offered knowledge of Shock by Vehumet.
   130 | D        | Reached XP level 2. HP: 18/18 MP: 3/7
   130 | D        | Reached XP level 3. HP: 22/22 MP: 3/9
   142 | D        | Learned a level 3 spell: Conjure Flame
   146 | D        | Learned a level 3 spell: Inner Flame
   149 | D        | Learned a level 2 spell: Throw Flame
   231 | D        | Killed from afar by a ball python

Skill      XL: |  1  2  3 |
---------------+----------+-----
Evocations     | 2 |  2.6
Staves         | 1 |  1.0
Spellcasting   | 3 4 |  4.0
Conjurations   | 3 |  3.4
Fire Magic     | 4 |  4.3
Fighting       | |  0.4
Dodging        | |  2.8
Stealth        | |  2.1

Action                   || total
-------------------------++-------
Melee: Staff             ||     1
 Cast: Flame Tongue      ||    18
       Inner Flame       ||     2
  Use: Scroll            ||     1
       Potion            ||     1
Armor: Robe              ||     4
Dodge: Dodged            ||    15
